 Dungeon Crawl Stone Soup version 0.24-a0-715-g0b739ee41d (webtiles) character file.

Game seed: 10863920126374015511, levelgen mode: deterministic

670 AntidotE the Shield-Bearer (level 7, 0/54 HPs)
             Began as a Formicid Fighter on Sept 30, 2019.
             Was an Initiate of Nemelex Xobeh.
             Slain by a killer bee (3 damage)
             ... on level 5 of the Dungeon.
             The game lasted 00:18:43 (4079 turns).

AntidotE the Shield-Bearer (Formicid Fighter)       Turns: 4079, Time: 00:18:43

Health: 0/54       AC:  8    Str: 27    XL:     7   Next: 89%
Magic:  7/7        EV:  9    Int:  8    God:    Nemelex Xobeh [......]
Gold:   234        SH: 11    Dex: 10    Spells: 6/6 levels left

rFire    + . .     SeeInvis +   a - +1 trident
rCold    . . .     Gourm    .   c - +0 shield
rNeg     . . .     Faith    .   b - +0 scale mail
rPois    .         Spirit   .   (helmet unavailable)
rElec    .         Reflect  .   (no cloak)
rCorr    +         Harm     .   m - +0 pair of gloves
MR       .....                  (no boots)
Stlth    ..........             o - amulet of magic regeneration
HPRegen  0.18/turn              j - ring of protection from fire
MPRegen  0.35/turn              n - ring of resist corrosion

@: mighty, lethally poisoned (0 -> -13)
A: permanent stasis, dig shafts and tunnels, four strong arms, antennae 3
a: Dig, Shaft Self, Draw Escape, Draw Destruction, Draw Summoning, Renounce
Religion


You were on level 5 of the Dungeon.
You worshipped Nemelex Xobeh.
Nemelex Xobeh was noncommittal.
You were not hungry.

You visited 2 branches of the dungeon, and saw 6 of its levels.

You collected 234 gold pieces.

Inventory:

Hand Weapons
 a - a +1 trident (weapon)
 s - the +11 hunting sling of Crusades {velocity, rElec rN+ Str+6 Int-4}
   (You took it off an orc on level 4 of the Dungeon)

   Any stone fired from it inflicts extra damage.
   It affects your strength (+6).
   It affects your intelligence (-4).
   It insulates you from electricity.
   It protects you from negative energy.
Missiles
 l - 14 poisoned darts (quivered)
Armour
 b - a +0 scale mail (worn)
 c - a +0 shield (worn)
 m - a +0 pair of gloves (worn)
Jewellery
 j - a ring of protection from fire (left hand)
 n - a ring of resist corrosion (right hand)
 o - an amulet of magic regeneration (around neck)
 v - a +6 ring of protection {unknown}
Wands
 u - a wand of polymorph (6)
Scrolls
 e - a scroll of amnesia
 q - 2 scrolls of remove curse
 w - a scroll of enchant weapon
Potions
 g - a potion of ambrosia {unknown}
 h - 2 potions of magic {unknown}
 i - 2 potions of flight {unknown}
 k - a potion of cancellation {unknown}
 r - a potion of lignification {unknown}
Comestibles
 f - 10 rations
 p - a chunk of flesh


   Skills:
 + Level 4.2 Fighting
 + Level 5.4 Polearms
 + Level 0.2 Throwing
 + Level 4.6 Armour
 + Level 1.6 Dodging
 + Level 0.2 Stealth
 * Level 6.2 Shields


You had 6 spell levels left.
You didn't know any spells.
Your spell library was empty.

Dungeon Overview and Level Annotations

Branches:
Dungeon (5/15)             Temple (1/1) D:4

Altars:
Cheibriados
Dithmenos
Fedhas
Hepliaklqana
Kikubaaqudgha
Nemelex Xobeh
Okawaru
Ru
Sif Muna
Trog
Uskayaw
Vehumet
Wu Jian
Yredelemnul
Zin
The Shining One


Innate Abilities, Weirdness & Mutations

You cannot be hasted, slowed, berserked, paralysed or teleported.
You can dig through walls and to a lower floor.
Your four strong arms can wield two-handed weapons with a shield.
You have a pair of large antennae on your head. (SInv)


Message History

Okay, then.
You feel very mighty all of a sudden.
* * * LOW HITPOINT WARNING * * *
You feel sick. The killer bee stings you.
* * * LOW HITPOINT WARNING * * *
You are more poisoned.
The killer bee poisons you! You block the killer bee's attack.
You miss the killer bee.
* * * LOW HITPOINT WARNING * * *
You feel sick. You block the killer bee's attack. x2
You miss the killer bee.
* * * LOW HITPOINT WARNING * * *
You feel sick. The killer bee barely misses you.
You block the killer bee's attack.
You hit the killer bee.
The killer bee is moderately wounded.
* * * LOW HITPOINT WARNING * * *
You feel sick. You block the killer bee's attack. The killer bee stings you.
You die...
Your body disappears without a glow.

###.# #.......##.# **,,,,,* *
##.#.# #...,......#**,,,,,,,
####<..<#####.###....###*,,,,,,,,
+.......................+,,,,,,,,
###.......###.##.....##**,,,,,,,,
* #.#.#.#.# #.##.##.## **,,,,,,,
#.#...#.# #.......# **,,,,,*
#.#.###.# ####.#### **,,,** #.#.#
#.# #@# **+** **#.#.#*#.# #y# *,*
,**,...,..# #y# *,* ,****,*****
#y# *** **,** ,* *,* #.#
**,*****,,,** ,* *,*
#.#***,*,**,,,,,,* ,* *,*
#..∩,,***,*,,,,,** ,****,*
###***,*,**,,,,*** ,,,,,,*
*,,,,,,*,,,,,


You could see 3 killer bees.

Vanquished Creatures
  Sigmund (D:2)
  2 ogres (D:4)
  2 killer bees (D:5)
  2 howler monkeys (D:4)
  A hound (D:4)
  A worker ant (D:4)
  5 adders
  An ooze (D:3)
  A worm (D:3)
  4 dart slugs
  3 leopard geckos
  5 orcs (D:4)
  5 giant cockroaches
  5 goblins
  10 hobgoblins
  3 quokkas
  9 bats
  A frilled lizard (D:3)
  3 kobolds
  8 rats
72 creatures vanquished.

Notes
Turn   | Place    | Note
-------+----------+-------------------------------------------
     0 | D:1      | AntidotE the Formicid Fighter began the quest for the Orb.
     0 | D:1      | Reached XP level 1. HP: 18/18 MP: 1/1
    83 | D:1      | Reached skill level 4 in Shields
   107 | D:1      | Reached XP level 2. HP: 24/24 MP: 2/2
   258 | D:1      | Reached XP level 3. HP: 29/29 MP: 3/3
   913 | D:2      | Reached XP level 4. HP: 20/35 MP: 4/4
  1091 | D:2      | Noticed Sigmund
  1429 | D:2      | Found a shimmering blue altar of Sif Muna.
  1981 | D:3      | Reached skill level 5 in Shields
  2030 | D:3      | Reached XP level 5. HP: 40/42 MP: 5/5
  2879 | D:2      | Killed Sigmund
  2879 | D:2      | Reached XP level 6. HP: 12/48 MP: 6/6
  3323 | D:4      | Noticed an ogre
  3337 | D:4      | Killed an ogre
  3337 | D:4      | Reached skill level 1 in Dodging
  3337 | D:4      | Reached XP level 7. HP: 48/54 MP: 7/7
  3420 | D:4      | Reached skill level 5 in Polearms
  3420 | D:4      | Reached skill level 6 in Shields
  3675 | D:4      | Found a staircase to the Ecumenical Temple.
  3688 | Temple   | Entered the Ecumenical Temple
  3722 | Temple   | Became a worshipper of Nemelex Xobeh the Trickster
  3861 | D:4      | Identified the +11 hunting sling of Crusades {velocity,
                  | rElec rN+ Str+6 Int-4}
  4010 | D:4      | Received a gift from Nemelex Xobeh
  4040 | D:5      | Entered Level 5 of the Dungeon
  4079 | D:5      | Slain by a killer bee

Levels and vault maps discovered:
D:1:      dpeg_arrival_triangle_fractal, layout_basic
D:2:      layout_basic, lemuel_blue_sif_altar, uniq_sigmund
D:3:      layout_basic, first_ration, minmay_quantized
D:4:      layout_basic, minmay_temple_entry_junction
D:5:      layout_loops_corners, lemuel_doored_altar, serial_shops, shop,
          nicolae_ossuary_entry_giza, grunt_decor_one_mirror, uniq_menkaure
Temple:   lightli_temple_of_artemis

Skill      XL: |  1  2  3  4  5  6  7 |
---------------+----------------------+-----
Shields        | 4 5 6 |  6.2
Polearms       | 3 4 5 |  5.4
Fighting       | 4 |  4.2
Armour         | 4 |  4.6
Dodging        | 1 |  1.6
Throwing       | |  0.2
Stealth        | |  0.2

Action                   |  1- 3 |  4- 6 |  7- 9 || total
-------------------------+-------+-------+-------++-------
Melee: Trident           |    93 |   140 |    56 ||   289
Throw: Dart              |       |       |    10 ||    10
 Abil: Dig               |       |     2 |       ||     2
  Use: Scroll            |     5 |       |     3 ||     8
       Potion            |       |       |     1 ||     1
  Eat: Chunk             |       |     2 |     2 ||     4
       Ration            |       |     2 |       ||     2
Armor: Scale mail        |    24 |    40 |    18 ||    82
Dodge: Dodged            |    24 |    52 |    15 ||    91
Block: Shield            |    44 |    51 |    27 ||   122

Table legend:
 A = Non-vault XP
 B = Vault XP
 C = Vault XP percentage of total XP
 D = Non-vault monster count
 E = Vault monster count
 F = Vault count percentage of total count
                 A         B        C        D         E       F
            +---------+---------+-------+---------+---------+-------
      Total |     696 |     262 |  27.3 |      67 |       5 |   6.9
            +---------+---------+-------+---------+---------+-------
        D:1 |      44 |       0 |   0.0 |      24 |       0 |   0.0
        D:2 |      50 |     231 |  82.2 |      15 |       1 |   6.2
        D:3 |      40 |      31 |  43.7 |      12 |       4 |  25.0
        D:4 |     436 |       0 |   0.0 |      13 |       0 |   0.0
        D:5 |     126 |       0 |   0.0 |       3 |       0 |   0.0
            +---------+---------+-------+---------+---------+-------
